 Dungeon Crawl Stone Soup version 0.17.1-3-g152610e (webtiles) character file.

143 hannobal the Twirler (level 4, -3/39 HPs)
             Began as a Demigod Gladiator on Mar 10, 2016.
             Slain by a scorpion (7 damage)
             ... on level 3 of the Dungeon.
             The game lasted 00:08:03 (2769 turns).

hannobal the Twirler (Demigod Gladiator)            Turns: 2769, Time: 00:08:04

Health: -3/39      AC: 11    Str: 20    XL:     4   Next: 76%
Magic:  6/6        EV: 11    Int: 12    God:
Gold:   153        SH:  0    Dex: 16    Spells: 0 memorised, 3 levels left

rFire  . . .     SeeInvis .     a - +1 quarterstaff
rCold  + . .     Clarity  .     g - +0 scale mail
rNeg   . . .     SustAt   +     (shield currently unavailable)
rPois  .         Gourm    .     c - +1 helmet
rElec  .         Spirit   .     (no cloak)
rCorr  .         Warding  .     m - +0 pair of gloves
rMut   .         Rnd*Tele +     (no boots)
MR     .....                    (no amulet)
Stlth  ..........               (no ring)
                                p - ring of protection from cold

@: lethally poisoned (-3 -> -5), not resistant to hostile enchantments,
extremely unstealthy
A: thin metallic scales 1, high mp 1, robust 1, teleportitis 1, sustain
attributes
a: no special abilities


You were on level 3 of the Dungeon.
You were not hungry.

You visited 1 branch of the dungeon, and saw 3 of its levels.

You collected 153 gold pieces.

Inventory:

Hand Weapons
 a - a +1 quarterstaff (weapon)
 b - a +0 hunting sling
Missiles
 d - 3 throwing nets (quivered)
 h - 67 stones
 n - 20 sling bullets
 o - 14 sling bullets of frost
 q - 27 arrows
Armour
 c - a +1 helmet (worn)
 g - a +0 scale mail (worn)
 m - a +0 pair of gloves (worn)
Jewellery
 p - a ring of protection from cold (left hand)
Scrolls
 j - a scroll of enchant weapon
 l - a scroll of identify
 r - a scroll of remove curse
Comestibles
 e - 3 bread rations
 f - 3 fruits
 i - a slice of pizza
 k - a royal jelly
 s - 2 chunks of flesh


   Skills:
 - Level 1.7 Fighting
 + Level 5.2 Staves
 - Level 1.7 Throwing
 - Level 2.6 Dodging


You had 3 spell levels left.
You didn't know any spells.

Dungeon Overview and Level Annotations

Branches:
Dungeon (3/15)


Innate Abilities, Weirdness & Mutations

You have an increased reservoir of magic (+10% MP).
Your attributes are resistant to harm.
You are partially covered in thin metallic scales (AC +2).
You are robust (+10% HP).
You are occasionally teleported next to monsters.


Message History

You feel sick.
You feel sick.
You feel sick.
You feel sick.
You feel sick.
You feel sick.
You feel sick.
You feel sick.
You feel sick.
You feel sick.
You feel sick.
You feel sick.
You feel sick.
There is a stone staircase leading up here.
You hit the scorpion but do no damage.
The scorpion is lightly wounded.
You hit the scorpion but do no damage.
The scorpion is lightly wounded.
The scorpion misses you. The scorpion stings you!
You die...

#.###### #.#
#.#
#.#############
#.............#
#############.#
#......#
#s####.# #@#
#.# ### ###


You could see a scorpion.

Vanquished Creatures
  Jessica (D:2)
  3 gnolls (D:2)
  2 adders (D:2)
  An ooze (D:2)
  2 giant geckos
  An orc (D:2)
  A ball python (D:2)
  10 bats
  12 goblins
  8 hobgoblins
  2 giant cockroaches (D:2)
  A giant newt (D:1)
  2 gnoll zombies (D:2)
  5 kobolds
  18 rats
69 creatures vanquished.

Notes
Turn   | Place    | Note
--------------------------------------------------------------
     0 | D:1      | hannobal the Demigod Gladiator began the quest for the Orb.
     0 | D:1      | Reached XP level 1. HP: 17/17 MP: 3/3
   241 | D:1      | Reached skill level 3 in Staves
   284 | D:1      | Reached XP level 2. HP: 24/24 MP: 4/4
   857 | D:1      | Gained mutation: You are occasionally teleported next to monsters. [potion of mutation]
   857 | D:1      | Gained mutation: You are robust (+10% HP). [potion of mutation]
   857 | D:1      | Gained mutation: You are partially covered in thin metallic scales (AC +2). [potion of mutation]
  1034 | D:1      | Reached XP level 3. HP: 31/31 MP: 5/5
  1406 | D:2      | Reached skill level 4 in Staves
  1536 | D:2      | Noticed Jessica
  1544 | D:2      | Killed Jessica
  1704 | D:2      | Found a sparkling altar of Nemelex Xobeh.
  1713 | D:2      | Reached XP level 4. HP: 37/39 MP: 6/6
  1732 | D:2      | Reached skill level 5 in Staves
  2490 | D:2      | Found a basalt altar of Yredelemnul.
  2769 | D:3      | Slain by a scorpion

Action                   |  1- 3 |  4- 6 || total
-------------------------+-------+-------++-------
Melee: Quarterstaff      |   106 |    52 ||   158
 Fire: Hunting sling     |    19 |    13 ||    32
  Use: Scroll            |     3 |     3 ||     6
       Potion            |     4 |     2 ||     6
  Eat: Chunk             |     3 |     3 ||     6
